Map: Lerilak Crest

Players

iluminatis - Winner!

  • Race: Protoss Protoss
  • League: Platinum

LilDicky

  • Race: Terran Terran
  • League: Diamond

VOD

http://www.twitch.tv/tumescentpie

Description

Time

  • Played on: Nov. 27, 2015, 10:19 p.m.
  • Length: 7:13
Show
View Real Time Build Order
Export as new Build Order

iluminatis Protoss - Winner!

Build Orders:  

Get SALT Encoding   

  12  0:01  Probe (Chrono Boost)  
  13  0:12  Probe (Chrono Boost)  
  14  0:18  Pylon  
  14  0:22  Probe (Chrono Boost)  
  15  0:36  Probe (Chrono Boost)  
  15  0:39  Gateway  
  16  0:47  Probe (Chrono Boost)  
  16  0:49  Assimilator  
  17  1:00  Pylon  
  17  1:01  Probe (Chrono Boost)  
  18  1:12  Probe (Chrono Boost)  
  19  1:22  Probe (Chrono Boost)  
  20  1:33  Probe (Chrono Boost)  
  20  1:37  Cybernetics Core  
  21  1:43  Probe (Chrono Boost)  
  21  1:44  Assimilator  
  23  1:54  Probe (Chrono Boost)  
  23  2:02  Nexus  
  23  2:15  Warp Gate (Chrono Boost)  
  22  2:18  Adept  
  22  2:22  Mothership Core  
  26  2:38  Gateway, Pylon  
  26  2:45  Adept  
  28  2:56  Robotics Facility  
  28  2:58  Probe  
  29  3:12  Probe  
  30  3:13  Probe  
  31  3:20  Stalker  
  31  3:23  Probe  
  31  3:24  Probe  
  35  3:49  Immortal (Chrono Boost)  
  39  3:56  Gateway  
  39  3:58  Probe  
  40  4:15  Pylon  
  40  4:21  Forge  
  39  4:26  Observer (Chrono Boost)  
  40  4:36  Assimilator  
  40  4:40  Assimilator  
  40  4:41  Stalker x2  
  44  5:11  Stalker  
  46  5:16  Zealot  
  46  5:19  Pylon  
  43  5:39  Stalker x3  
  49  5:49  Gateway  
  49  5:51  Probe  
  49  5:52  Pylon  
  49  5:54  Pylon  
  49  5:55  Mothership Core  
  52  6:03  Probe  
  53  6:08  Pylon  
  53  6:10  Pylon  
  53  6:15  Probe  
  53  6:16  Probe  
  59  6:19  Immortal (Chrono Boost)  
  59  6:30  Stalker x2  
  59  6:51  Stalker x2  
  51  7:04  Stalker  
Show
View Real Time Build Order
Export as new Build Order

LilDicky Terran 

Build Orders: MMM Bio 

Get SALT Encoding   

  12  0:01  SCV  
  13  0:13  SCV  
  14  0:17  Supply Depot  
  14  0:25  SCV  
  15  0:29  Refinery  
  15  0:39  SCV  
  16  0:45  Barracks  
  16  0:52  SCV  
  17  1:04  SCV  
  18  1:16  SCV  
  19  1:23  Supply Depot  
  19  1:28  SCV  
  20  1:40  Marine  
  20  1:42  Orbital Command  
  21  2:03  Marine  
  22  2:17  Barracks  
  22  2:19  SCV  
  22  2:20  Refinery  
  22  2:21  Barracks  
  22  2:22  Barracks Reactor  
  23  2:45  SCV  
  23  2:48  Factory  
  24  2:57  SCV  
  25  3:02  Marine x2  
  27  3:06  Supply Depot  
  27  3:10  SCV  
  27  3:12  Barracks Tech Lab x2  
  28  3:20  Marine x2  
  28  3:22  SCV  
  31  3:31  Combat Shields  
  31  3:32  Stimpack, Marine x2  
  33  3:37  Marine  
  33  3:42  Bunker, Widow Mine  
  35  3:52  SCV  
  36  3:56  Marauder, Marine  
  39  4:03  Supply Depot  
  39  4:05  Marine  
  38  4:24  Widow Mine  
  38  4:25  Marauder  
  38  4:27  Starport  
  42  4:35  Supply Depot, Marauder, Marine x2  
  46  4:46  Marauder  
  48  5:09  Medivac  
  48  5:12  Supply Depot, Marine x2  
  48  5:13  Marauder x2  
  54  5:19  SCV  
  47  5:30  Marine  
  47  5:35  Marine x3  
  48  5:42  Medivac  
  52  5:44  SCV, Supply Depot  
  52  5:48  Marine  
  54  5:51  Widow Mine  
  54  5:53  Marine  
  54  5:54  Marauder x2  
  54  5:56  SCV  
  62  6:06  Marine  
  63  6:15  Marauder  
  65  6:20  SCV  
Tags
 
Add a new tag
Caveats
  • Supply blocks, unpowered buildings, or Contaminate may cause inaccurate times.
  • Supply counts are checked every 10 seconds.